Map: Hecate LE

Players

SubN - Winner!

  • Race: Zerg Zerg
  • League: Diamond
  • Spawn Location: 7:00

Goodie

  • Race: Protoss Protoss
  • League: Platinum
  • Spawn Location: 1:00

VOD

Have the link to the VOD?

Description

Time

  • Played on: Jan. 20, 2024, 4:02 p.m.
  • Length: 12:16
Show
View Real Time Build Order
Export as new Build Order

SubN Zerg - Winner!

Build Orders: Pool First 

Get SALT Encoding   

  12  0:00  Drone  
  13  0:11  Overlord  
  13  0:16  Drone  
  14  0:30  Drone x2  
  14  0:35  Drone  
  17  0:44  Extractor  
  17  0:47  Spawning Pool  
  17  0:49  Drone  
  16  1:16  Drone  
  17  1:39  Drone x2  
  19  1:41  Drone  
  19  1:43  Hatchery, Queen  
  21  1:51  Zergling x2  
  22  2:05  Overlord  
  22  2:11  Overlord  
  22  2:23  Overlord, Queen  
  24  2:33  Metabolic Boost  
  24  2:43  Hatchery  
  23  2:49  Zergling x4  
  25  3:02  Zergling x4  
  25  3:03  Zergling x4  
  28  3:12  Queen  
  29  3:28  Zergling x8  
  33  3:39  Zergling x2  
  34  3:41  Zergling x4  
  34  3:42  Zergling x2  
  37  3:56  Zergling x2  
  37  3:57  Zergling x6  
  41  4:09  Queen  
  43  4:11  Drone  
  43  4:13  Drone  
  45  4:33  Drone x2  
  45  4:34  Drone x4  
  51  4:39  Overlord  
  51  4:46  Overlord  
  43  5:19  Drone x9  
  46  5:27  Lair  
  45  5:30  Queen  
  45  5:32  Drone x2  
  48  5:37  Extractor  
  48  5:42  Drone, Roach Warren  
  46  5:43  Drone  
  46  5:44  Baneling Nest  
  46  6:01  Extractor  
  46  6:02  Zergling x2  
  46  6:03  Zergling x14  
  53  6:06  Queen  
  55  6:14  Drone x2  
  57  6:31  Drone  
  57  6:32  Drone  
  59  6:34  Centrifugal Hooks  
  59  6:35  Glial Reconstitution  
  59  6:36  Extractor  
  58  6:41  Queen  
  60  6:50  Overlord x2  
  60  6:51  Overlord, Spire  
  59  7:02  Drone  
  59  7:08  Queen  
  60  7:09  Roach  
  60  7:10  Roach x6  
  60  7:14  Drone  
  60  7:15  Drone x2  
  79  7:17  Queen  
  79  7:21  Drone  
  82  7:30  Overlord  
  82  7:35  Overseer, Hatchery  
  82  7:36  Spore Crawler  
  80  7:37  Overseer  
  80  7:38  Overseer  
  80  8:01  Spore Crawler  
  77  8:25  Drone x12  
  77  8:26  Drone x2  
  91  8:41  Zerg Flyer Weapons Level 1  
  91  8:44  Drone  
  91  8:46  Queen  
  91  8:48  Drone x4  
  98  8:51  Extractor  
  98  8:52  Overlord, Extractor, Queen  
  98  8:53  Overlord x2  
  98  8:58  Hatchery  
  97  9:08  Evolution Chamber  
  97  9:09  Evolution Chamber  
  95  9:10  Overlord x3  
  95  9:11  Overlord x2  
  95  9:13  Mutalisk  
  95  9:15  Mutalisk  
  99  9:26  Drone x3  
  99  9:27  Drone x2  
  104  9:39  Spore Crawler  
  104  9:40  Mutalisk x2, Spore Crawler  
  104  9:41  Mutalisk x4  
  114  9:45  Overseer  
  114  9:46  Overseer  
  114  9:48  Zerg Melee Weapons Level 1  
  114  9:49  Zerg Missile Weapons Level 1  
  114  10:01  Drone  
  114  10:02  Drone x4  
  114  10:03  Drone  
  114  10:04  Mutalisk x2  
  124  10:11  Drone x4  
  124  10:12  Queen  
  130  10:25  Mutalisk  
  130  10:26  Mutalisk  
  134  10:30  Zergling x16  
  134  10:33  Baneling x4  
  134  10:35  Baneling  
  142  10:37  Baneling  
  142  10:40  Overlord x3  
  142  10:42  Drone x3  
  145  10:45  Extractor  
  145  10:46  Queen  
  145  10:47  Extractor  
  145  10:48  Queen  
  147  10:55  Roach  
  147  10:56  Roach x7  
  160  11:19  Zergling x30  
  173  11:44  Zergling x2  
  173  11:45  Zergling x2  
Show
View Real Time Build Order
Export as new Build Order

Goodie Protoss 

Build Orders:  

Get SALT Encoding   

  12  0:01  Probe  
  13  0:18  Probe (Chrono Boost)  
  13  0:19  Pylon  
  14  0:28  Probe (Chrono Boost)  
  15  0:37  Probe  
  16  0:49  Probe  
  17  0:53  Gateway  
  17  1:01  Probe  
  18  1:12  Forge  
  18  1:13  Probe  
  19  1:19  Pylon  
  19  1:25  Probe (Chrono Boost)  
  19  1:31  Assimilator  
  19  1:34  Pylon  
  19  1:37  Probe (Chrono Boost)  
  20  1:41  Probe (Chrono Boost)  
  20  1:43  Assimilator  
  21  1:55  Zealot  
  21  1:57  Probe  
  24  2:04  Cybernetics Core  
  24  2:05  Photon Cannon  
  24  2:09  Probe  
  24  2:14  Pylon  
  25  2:21  Probe  
  26  2:33  Photon Cannon  
  26  2:46  Shield Battery  
  26  2:47  Pylon  
  26  2:51  Photon Cannon  
  26  3:10  Nexus  
  26  3:12  Warp Gate (Chrono Boost), Probe  
  26  3:29  Probe  
  25  3:38  Gateway  
  25  3:41  Probe  
  25  3:42  Stargate  
  26  3:53  Shield Battery  
  26  4:00  Gateway  
  26  4:16  Pylon  
  26  4:18  Photon Cannon  
  26  4:36  Pylon  
  32  4:49  Void Ray  
  32  4:51  Pylon  
  30  4:57  Adept x2  
  33  5:19  Adept x2  
  33  5:29  Probe  
  33  5:32  Void Ray  
  34  5:57  Nexus  
  34  5:58  Probe  
  35  6:12  Probe  
  36  6:21  Assimilator  
  36  6:24  Probe  
  37  6:37  Probe  
  37  6:38  Stalker x2  
  42  6:49  Probe  
  42  6:51  Shield Battery  
  47  7:02  Void Ray  
  47  7:04  Zealot x2  
  51  7:17  Nexus  
  51  7:21  Probe  
  52  7:30  Zealot  
  52  7:33  Probe  
  55  7:41  Pylon  
  55  7:59  Probe  
  55  8:03  Forge  
  56  8:11  Probe  
  56  8:12  Shield Battery  
  57  8:24  Probe, Stalker x2  
  62  8:34  Twilight Council  
  62  8:38  Pylon  
  62  8:41  Protoss Ground Weapons Level 1  
  62  8:49  Pylon  
  62  8:56  Probe x2  
  62  9:00  Pylon  
  64  9:11  Zealot x2  
  64  9:12  Photon Cannon  
  68  9:20  Templar Archives  
  68  9:22  Probe  
  68  9:23  Probe  
  70  9:30  Assimilator  
  70  9:33  Assimilator  
  70  9:34  Probe  
  71  9:40  Probe  
  72  9:47  Probe  
  74  9:52  Probe  
  74  9:59  Probe  
  75  10:00  High Templar x2  
  79  10:07  Gateway  
  79  10:08  Gateway  
  79  10:09  Archon, Photon Cannon  
  79  10:18  Probe  
  80  10:27  Void Ray  
  84  10:31  Pylon  
  84  10:34  Probe, Photon Cannon  
  85  10:36  Probe  
  86  10:43  Pylon  
  86  10:53  High Templar x2  
  90  10:58  Archon, Photon Cannon  
  90  11:20  Nexus  
  90  11:23  Pylon  
  87  11:35  Pylon  
  87  11:36  Pylon  
  87  11:38  Pylon  
  83  11:41  Phoenix  
  85  11:55  Photon Cannon  
  85  11:56  Pylon  
  85  11:59  Stalker  
  51  12:09  Stalker x2  
Tags
 
Matchup
PvZ
Opening
Pool First
Replay Pack
2025 replay dump
Spawn Locations
Cross Positions
Add a new tag
Caveats
  • Supply blocks, unpowered buildings, or Contaminate may cause inaccurate times.
  • Supply counts are checked every 10 seconds.